Map: Rhoskallian LE

Players

ZeoMaxReaL

  • Race: Protoss Protoss
  • League: Diamond
  • Spawn Location: 6:00

Bleks

  • Race: Protoss Protoss
  • League: Diamond
  • Spawn Location: 5:00

qqq

  • Race: Zerg Zerg
  • Spawn Location: 11:00

Massa

  • Race: Terran Terran
  • League: Platinum
  • Spawn Location: 12:00

VOD

Have the link to the VOD?

Description

Time

  • Played on: Oct. 12, 2020, 4:44 p.m.
  • Length: 11:31
Show
View Real Time Build Order
Export as new Build Order

ZeoMaxReaL Protoss 

Build Orders: Cannon Rush 

Get SALT Encoding   

  12  0:00  Probe  
  13  0:14  Pylon  
  13  0:20  Probe  
  14  0:33  Forge  
  14  0:35  Probe (Chrono Boost)  
  15  0:45  Probe (Chrono Boost)  
  16  0:50  Probe (Chrono Boost)  
  17  1:02  Probe  
  18  1:08  Pylon  
  18  1:28  Photon Cannon  
  18  1:32  Photon Cannon  
  18  1:33  Pylon  
  18  1:36  Pylon  
  18  1:38  Pylon  
  18  1:44  Photon Cannon  
  18  1:58  Pylon  
  17  2:19  Pylon, Photon Cannon  
  17  2:24  Probe  
  17  2:28  Assimilator  
  18  2:36  Probe  
  19  2:39  Gateway  
  19  2:47  Photon Cannon  
  19  2:51  Probe (Chrono Boost)  
  19  2:55  Assimilator  
  20  3:03  Probe (Chrono Boost)  
  21  3:11  Probe (Chrono Boost)  
  22  3:21  Pylon  
  22  3:46  Pylon  
  22  3:49  Probe  
  22  3:53  Cybernetics Core  
  23  4:03  Nexus  
  23  4:24  Pylon  
  23  4:30  Stargate  
  23  4:32  Probe  
  24  4:44  Photon Cannon  
  24  4:48  Pylon  
  24  4:51  Shield Battery  
  24  4:59  Photon Cannon  
  24  5:09  Photon Cannon  
  24  5:20  Photon Cannon  
  24  5:30  Void Ray (Chrono Boost)  
  24  5:32  Photon Cannon  
  24  5:33  Shield Battery  
  28  5:46  Shield Battery  
  28  5:48  Photon Cannon  
  28  5:57  Void Ray (Chrono Boost)  
  28  6:00  Probe  
  33  6:29  Void Ray  
  33  6:32  Pylon  
  33  6:35  Pylon  
  33  6:39  Probe (Chrono Boost)  
  38  6:44  Pylon  
  38  6:48  Probe (Chrono Boost)  
  38  6:51  Stargate  
  39  6:55  Probe (Chrono Boost)  
  39  6:58  Probe (Chrono Boost)  
  41  7:04  Probe (Chrono Boost)  
  41  7:07  Probe (Chrono Boost)  
  43  7:13  Probe (Chrono Boost)  
  44  7:17  Probe (Chrono Boost)  
  44  7:22  Fleet Beacon  
  46  7:24  Probe x2 (Chrono Boost)  
  46  7:29  Assimilator  
  47  7:32  Assimilator  
  47  7:33  Probe  
  48  7:39  Void Ray, Probe  
  49  7:46  Probe  
  49  7:50  Void Ray  
  49  7:51  Probe  
  59  7:59  Probe  
  59  8:02  Protoss Air Weapons Level 1  
  60  8:19  Void Ray  
  60  8:23  Flux Vanes  
  64  8:29  Void Ray  
  68  9:11  Void Ray x2  
  72  9:57  Void Ray x2  
  76  10:09  Stargate  
  76  10:11  Stargate  
  76  10:33  Nexus  
  76  10:36  Pylon  
  76  10:37  Pylon  
  76  10:39  Pylon  
  76  10:46  Void Ray  
  76  10:47  Void Ray  
Show
View Real Time Build Order
Export as new Build Order

Bleks Protoss 

Build Orders: 1 Gate Expand 

Get SALT Encoding   

  12  0:00  Probe (Chrono Boost)  
  13  0:10  Probe (Chrono Boost)  
  14  0:19  Pylon  
  14  0:24  Probe  
  15  0:37  Probe  
  15  0:42  Gateway  
  16  0:49  Probe  
  17  1:01  Probe  
  18  1:15  Probe  
  19  1:22  Nexus  
  19  1:25  Pylon  
  19  1:37  Cybernetics Core  
  19  1:40  Assimilator  
  19  1:47  Assimilator  
  19  1:50  Probe (Chrono Boost)  
  20  1:56  Zealot (Chrono Boost)  
  20  1:59  Probe (Chrono Boost)  
  23  2:04  Probe (Chrono Boost)  
  24  2:20  Stalker (Chrono Boost)  
  26  2:24  Gateway  
  26  2:37  Gateway  
  28  2:50  Zealot (Chrono Boost)  
  28  2:54  Warp Gate  
  28  2:56  Probe x2  
  30  3:01  Shield Battery  
  30  3:08  Probe  
  31  3:21  Probe (Chrono Boost)  
  31  3:26  Probe (Chrono Boost)  
  33  3:31  Probe (Chrono Boost)  
  35  3:34  Stalker, Probe (Chrono Boost)  
  35  3:35  Stalker, Probe (Chrono Boost)  
  40  3:47  Probe (Chrono Boost)  
  42  3:50  Probe (Chrono Boost)  
  43  3:55  Probe (Chrono Boost)  
  43  3:58  Probe (Chrono Boost)  
  43  4:01  Probe  
  44  4:09  Probe  
  46  4:10  Assimilator  
  46  4:13  Pylon  
  46  4:15  Assimilator  
  46  4:16  Robotics Facility  
  46  4:19  Pylon  
  46  4:31  Probe x2  
  46  4:38  Twilight Council  
  48  4:42  Zealot x3  
  48  4:43  Probe x2  
  56  4:52  Pylon  
  56  4:55  Probe x2  
  56  4:57  Pylon  
  58  5:00  Immortal (Chrono Boost)  
  62  5:11  Probe  
  63  5:16  Zealot x3  
  67  5:23  Charge (Chrono Boost)  
  59  5:30  Immortal (Chrono Boost)  
  63  5:35  Shield Battery  
  63  5:37  Shield Battery  
  63  5:38  Shield Battery  
  61  5:48  Pylon  
  61  5:50  Pylon  
  61  5:56  Stalker x3  
  65  6:02  Immortal (Chrono Boost)  
  69  6:22  Zealot x3  
  75  6:36  Probe x2  
  77  6:44  Robotics Bay  
  77  6:46  Robotics Facility  
  77  6:48  Probe  
  78  6:56  Pylon  
  78  6:59  Pylon  
  78  7:00  Pylon  
  78  7:07  Forge  
  78  7:09  Forge  
  78  7:10  Pylon  
  78  7:18  Sentry x2  
  78  7:20  Nexus  
  78  7:21  Pylon  
  82  7:24  Assimilator  
  82  7:27  Observer (Chrono Boost)  
  84  7:38  Observer (Chrono Boost)  
  84  7:41  Gateway, Protoss Ground Weapons Level 1 (Chrono Boost)  
  84  7:42  Gateway  
  84  7:43  Gateway  
  84  7:45  Gateway  
  84  7:51  Protoss Ground Armor Level 1 (Chrono Boost)  
  84  8:04  Colossus (Chrono Boost)  
  84  8:11  Extended Thermal Lance  
  96  8:14  Colossus (Chrono Boost)  
  96  8:22  Assimilator  
  96  8:25  Pylon, Probe x2  
  96  8:42  Probe x2  
  96  8:43  Probe  
  99  9:11  Blink (Chrono Boost)  
  99  9:12  Gateway  
  99  9:14  Gateway x2  
  99  9:16  Colossus  
  98  9:17  Colossus  
  110  9:27  Sentry  
  110  9:28  Zealot, Sentry  
  110  9:29  Zealot x4  
  124  9:33  Probe x3  
  128  9:45  Probe x2  
  128  9:51  Gravitic Boosters  
  129  9:54  Sentry x3  
  135  10:05  Sentry  
  135  10:06  Sentry x2  
  135  10:07  Zealot, Sentry  
  145  10:27  Pylon  
  145  10:28  Pylon  
  145  10:30  Pylon  
  145  10:31  Pylon  
  137  11:00  Zealot x4  
  137  11:01  Zealot x6  
Show
View Real Time Build Order
Export as new Build Order

qqq Zerg 

Build Orders: Hatch First 

Get SALT Encoding   

  12  0:00  Drone  
  13  0:08  Drone  
  14  0:41  Hatchery  
  13  0:47  Drone  
  14  0:57  Spawning Pool  
  13  1:08  Overlord  
  13  1:19  Drone  
  15  1:50  Zergling x6  
  18  2:03  Hatchery  
  15  2:15  Drone  
  15  2:16  Drone  
  15  2:18  Extractor  
  16  2:25  Queen  
  16  2:28  Zergling x2  
  18  2:44  Drone  
  18  2:45  Drone  
  19  2:59  Zergling x2  
  20  3:08  Zergling x2  
  20  3:20  Drone  
  20  3:21  Queen  
  20  3:23  Zergling x2  
  24  3:30  Drone  
  25  3:34  Overlord  
  25  3:35  Zergling x2  
  25  3:36  Zergling x2  
  27  3:43  Metabolic Boost  
  27  3:53  Zergling x2  
  28  3:56  Drone  
  28  3:57  Drone  
  30  4:03  Zergling x2  
  30  4:04  Zergling x2  
  32  4:11  Zergling x2  
  32  4:15  Drone  
  35  4:17  Zergling x2  
  35  4:23  Overlord  
  35  4:33  Overlord  
  35  4:43  Zergling x4  
  35  4:44  Zergling x4  
  39  4:47  Drone  
  40  4:56  Zergling x2  
  40  4:59  Zergling x4  
  43  5:00  Drone  
  43  5:17  Zergling x8  
  43  5:18  Zergling x2  
  43  5:19  Zergling x2  
  40  5:34  Zergling x2  
  38  5:35  Zergling x4  
  38  5:36  Zergling x4  
  38  5:42  Drone, Zergling x4  
  44  5:59  Zergling x4  
  44  6:00  Drone x2  
  47  6:32  Drone x3  
  47  6:33  Drone x2  
  47  6:34  Drone x2  
  51  6:47  Lair, Extractor  
  50  6:50  Hatchery  
  50  6:52  Spore Crawler  
  50  6:53  Spore Crawler  
  50  6:54  Drone x2  
  49  6:55  Drone  
  50  7:17  Drone  
  50  7:18  Overlord x2  
  51  7:36  Overlord x3  
  51  7:57  Hatchery  
  50  8:02  Zergling x6  
  53  8:07  Queen  
  53  8:08  Drone  
  53  8:09  Drone x4  
  53  8:10  Drone x2, Zergling x6  
  53  8:11  Zergling x4  
  67  8:14  Drone x2  
  69  8:20  Hydralisk Den  
  67  8:35  Spore Crawler  
  56  8:55  Drone  
  56  8:56  Drone x3  
  56  8:57  Drone x4  
  56  8:58  Spore Crawler  
  56  9:01  Spore Crawler  
  62  9:03  Spore Crawler  
  62  9:04  Hydralisk x5  
  70  9:12  Drone x3  
  73  9:20  Drone x2  
  73  9:22  Spore Crawler  
  73  9:23  Spore Crawler  
  75  9:40  Spore Crawler  
  75  9:41  Spore Crawler  
  75  9:42  Queen  
  73  9:55  Spore Crawler  
  73  9:56  Spore Crawler  
  71  10:02  Spore Crawler  
  71  10:03  Drone x2  
  71  10:04  Drone  
  73  10:07  Hydralisk x3  
  73  10:10  Muscular Augments  
  68  10:39  Hatchery  
  51  10:46  Hydralisk x2  
  51  10:47  Hydralisk x2  
  51  10:48  Hydralisk x2  
Show
View Real Time Build Order
Export as new Build Order

Massa Terran 

Build Orders: Gas First Reaper Expand 

Get SALT Encoding   

  12  0:00  SCV  
  13  0:12  SCV  
  14  0:23  Supply Depot  
  14  0:24  SCV  
  15  0:31  Refinery  
  15  0:45  SCV  
  15  0:46  Barracks  
  16  0:57  SCV  
  17  1:25  SCV  
  18  1:37  Reaper  
  20  1:40  Orbital Command  
  19  1:56  Command Center  
  19  2:04  Supply Depot  
  19  2:08  Factory  
  19  2:11  SCV  
  20  2:31  SCV  
  21  2:43  SCV  
  22  2:44  Supply Depot  
  22  2:49  Refinery  
  22  2:51  Marine  
  22  2:57  Factory Tech Lab  
  23  3:06  SCV  
  23  3:09  Marine  
  25  3:14  Engineering Bay  
  25  3:16  Siege Tank  
  25  3:18  SCV  
  29  3:27  Marine  
  30  3:50  Marine  
  30  3:52  Orbital Command  
  30  3:53  SCV  
  30  3:55  Siege Tank  
  35  4:05  SCV  
  35  4:08  Marine  
  37  4:16  Barracks  
  37  4:22  SCV x2  
  39  4:26  Marine  
  40  4:33  Bunker  
  40  4:34  SCV x2  
  42  4:39  Starport, Terran Infantry Weapons Level 1  
  42  4:42  Missile Turret  
  42  4:45  Missile Turret  
  42  4:47  SCV x2  
  45  4:55  Barracks Reactor  
  45  4:59  SCV x2  
  46  5:07  Barracks Tech Lab  
  46  5:16  SCV  
  43  5:58  Marine, Marauder  
  46  6:11  Supply Depot  
  46  6:22  Marine  
  46  6:23  Marauder  
  46  6:25  Marine  
  41  6:34  Supply Depot  
  41  6:39  Medivac  
  43  6:40  Marine  
  43  6:41  Cyclone  
  43  6:43  Marine  
  43  6:44  Marauder  
  43  6:45  SCV x2  
  52  6:48  Missile Turret  
  52  6:52  Missile Turret  
  52  6:57  SCV x2  
  52  6:58  Marine, Supply Depot  
  52  7:00  Marine  
  56  7:03  Barracks  
  56  7:04  Barracks  
  56  7:06  Marauder  
  58  7:09  SCV x2  
  58  7:14  Stimpack  
  60  7:16  Marine  
  60  7:19  Siege Tank, Supply Depot  
  60  7:20  Supply Depot x2  
  60  7:21  SCV  
  65  7:27  Marine  
  66  7:55  Barracks Reactor x2  
  66  7:56  Marine x2, Marauder  
  69  8:12  Cyclone  
  69  8:14  Marine x2  
  69  8:17  Marauder  
  73  8:32  Marine x2  
  75  8:39  Marauder  
  77  8:44  Cyclone  
  80  8:49  Marine x2  
  80  8:52  Starport Reactor  
  80  8:54  Combat Shield  
  82  9:00  Marauder  
  84  9:07  Marine x2  
  86  9:20  Marine  
  86  9:21  Marine x3, Marauder  
  92  9:25  Marine x2  
  92  9:27  Armory  
  94  10:12  Concussive Shells  
  94  10:16  Supply Depot x2  
  94  10:19  Supply Depot x2  
  94  10:20  Command Center  
  94  10:21  Supply Depot  
  94  10:22  Supply Depot  
  94  10:24  Supply Depot  
  94  10:26  Supply Depot  
  94  10:27  Missile Turret x2  
  94  10:29  Supply Depot  
  94  10:31  Engineering Bay  
  94  10:37  Viking x2, Marine x7  
  94  10:38  Supply Depot  
  94  10:40  Supply Depot  
  99  10:43  Supply Depot  
  99  10:44  Supply Depot  
  92  10:53  Siege Tank  
  92  10:55  Marine x7  
  86  11:12  Marine x4  
  86  11:13  Marine  
Tags
 
Add a new tag
Caveats
  • Supply blocks, unpowered buildings, or Contaminate may cause inaccurate times.
  • Supply counts are checked every 10 seconds.